Map: [ESL] Waterfall

Players

ByuN - Winner!

  • Race: Terran Terran
  • Spawn Location: 7:00

MaxPax

  • Race: Protoss Protoss
  • Spawn Location: 1:00

VOD

Have the link to the VOD?

Description

Time

  • Played on: Nov. 5, 2022, 6:34 a.m.
  • Length: 8:50
Show
View Real Time Build Order
Export as new Build Order

ByuN Terran - Winner!

Build Orders:  

Get SALT Encoding   

  12  0:00  SCV  
  13  0:12  SCV  
  14  0:17  Supply Depot  
  14  0:24  SCV  
  15  0:38  SCV  
  15  0:40  Barracks  
  16  0:43  Refinery  
  16  0:50  SCV  
  17  1:03  SCV  
  18  1:15  SCV  
  19  1:27  Marine  
  19  1:28  Orbital Command  
  20  1:40  Command Center  
  20  1:51  Factory  
  20  1:54  SCV  
  21  2:03  Barracks Reactor  
  21  2:04  Refinery  
  21  2:07  SCV  
  22  2:11  Supply Depot  
  22  2:19  SCV  
  23  2:32  SCV  
  23  2:35  Hellion, Starport  
  26  2:39  Marine x2  
  28  2:44  SCV  
  29  2:52  Orbital Command  
  29  2:56  SCV  
  29  2:57  Marine  
  31  2:59  Factory Tech Lab  
  31  3:06  Marine  
  31  3:09  SCV  
  32  3:15  Orbital Command  
  32  3:17  Medivac  
  30  3:20  Cyclone  
  30  3:26  Marine x2  
  35  3:29  SCV  
  36  3:38  Barracks  
  36  3:40  SCV  
  38  3:41  SCV  
  38  3:44  Marine x2  
  40  3:49  Starport Tech Lab  
  40  3:52  Siege Tank  
  40  3:54  SCV  
  44  3:56  SCV  
  44  4:00  Supply Depot  
  45  4:03  Marine  
  46  4:11  Supply Depot, Marine  
  46  4:12  SCV x2  
  49  4:24  SCV x2  
  51  4:25  Marine  
  52  4:36  SCV x2  
  53  4:39  Marine  
  53  4:44  Raven  
  53  4:45  Bunker  
  50  4:46  Siege Tank  
  50  4:47  Marine x2  
  50  4:48  SCV x2  
  57  4:54  Refinery  
  57  4:57  Marine  
  57  4:59  Barracks  
  58  5:00  SCV x2  
  58  5:03  Engineering Bay  
  58  5:05  Marine  
  58  5:06  Marine  
  62  5:11  Supply Depot  
  62  5:12  SCV  
  63  5:15  Marine  
  63  5:18  SCV  
  61  5:22  Siege Tank  
  61  5:24  SCV  
  61  5:26  Marine  
  65  5:30  SCV  
  65  5:31  Marine  
  65  5:33  Marine  
  68  5:36  SCV  
  68  5:37  Terran Infantry Weapons Level 1  
  68  5:42  SCV  
  67  5:44  Marine  
  67  5:48  SCV  
  67  5:49  Supply Depot, Marine  
  70  5:52  Missile Turret  
  70  5:54  Supply Depot, SCV  
  69  5:57  Marine  
  69  6:00  SCV, Siege Tank  
  69  6:02  Marine x2  
  76  6:06  SCV, Stimpack, Marine  
  78  6:13  Refinery  
  78  6:17  Marine  
  79  6:19  Supply Depot  
  79  6:20  Marine  
  79  6:24  SCV x2  
  80  6:30  Starport Reactor  
  77  6:36  SCV  
  78  6:41  Factory Reactor  
  78  6:42  Supply Depot  
  78  6:45  Marauder x2  
  78  6:46  Command Center  
  83  6:47  Missile Turret  
  83  6:55  Marine x2  
  84  7:07  Marauder x2  
  88  7:09  Medivac x2  
  88  7:11  SCV x2  
  88  7:12  Marine  
  88  7:13  Supply Depot, Marine  
  88  7:14  Combat Shield  
  96  7:19  Barracks  
  96  7:20  Barracks  
  96  7:23  SCV x2  
  96  7:28  Marauder x2  
  102  7:30  Marine  
  102  7:31  Widow Mine x2  
  102  7:36  Supply Depot  
  107  7:38  Supply Depot  
  107  7:39  Medivac  
  108  7:45  SCV x2  
  108  7:46  Concussive Shells  
  108  7:51  Marauder x2, Marine x2  
  112  7:57  SCV x2  
  115  8:09  Marine  
  115  8:10  Medivac x2, Barracks Tech Lab  
  115  8:11  Barracks Reactor  
  115  8:12  Marauder x2  
  123  8:17  SCV x2  
  123  8:24  Marine  
  118  8:29  SCV x2  
Show
View Real Time Build Order
Export as new Build Order

MaxPax Protoss 

Build Orders: 1 Gate Expand, Blink Stalkers 

Get SALT Encoding   

  12  0:00  Probe  
  13  0:12  Probe  
  14  0:17  Pylon  
  14  0:24  Probe (Chrono Boost)  
  15  0:36  Probe (Chrono Boost), Gateway  
  16  0:44  Probe (Chrono Boost)  
  16  0:45  Assimilator  
  17  0:51  Probe  
  18  1:03  Probe  
  19  1:15  Probe  
  20  1:24  Cybernetics Core  
  20  1:25  Zealot  
  22  1:37  Nexus  
  22  1:44  Pylon  
  22  1:47  Probe  
  22  1:55  Assimilator  
  22  2:00  Stalker (Chrono Boost)  
  22  2:03  Probe  
  22  2:07  Warp Gate  
  25  2:15  Probe  
  25  2:20  Adept (Chrono Boost)  
  26  2:27  Probe  
  29  2:37  Twilight Council  
  29  2:40  Probe  
  30  2:49  Probe  
  30  2:50  Gateway  
  31  2:52  Probe  
  32  3:01  Probe (Chrono Boost)  
  32  3:09  Probe (Chrono Boost)  
  32  3:11  Blink (Chrono Boost)  
  33  3:13  Probe (Chrono Boost)  
  33  3:18  Probe x2 (Chrono Boost)  
  33  3:23  Robotics Facility  
  33  3:28  Probe x2  
  35  3:37  Gateway  
  35  3:40  Probe x2  
  37  3:44  Gateway  
  37  3:52  Probe  
  37  3:53  Probe  
  37  3:55  Stalker  
  41  3:58  Stalker  
  43  4:04  Pylon  
  43  4:05  Probe  
  44  4:11  Warp Prism  
  46  4:23  Stalker x2  
  49  4:24  Probe  
  49  4:27  Probe  
  49  4:36  Probe  
  44  4:39  Probe  
  44  4:48  Probe  
  44  4:51  Probe  
  46  4:56  Pylon  
  46  5:01  Stalker  
  46  5:02  Stalker x3  
  54  5:11  Pylon  
  56  5:14  Probe x2  
  56  5:26  Probe  
  53  5:33  Stalker x4  
  55  5:48  Nexus  
  55  5:49  Probe x2  
  51  5:51  Pylon  
  51  5:56  Charge (Chrono Boost)  
  51  6:01  Probe, Forge  
  51  6:02  Stalker  
  54  6:04  Probe  
  55  6:11  Stalker  
  55  6:13  Probe  
  55  6:16  Probe  
  58  6:25  Probe  
  59  6:29  Probe (Chrono Boost)  
  59  6:32  Protoss Ground Weapons Level 1 (Chrono Boost)  
  60  6:37  Probe (Chrono Boost)  
  60  6:38  Gateway  
  61  6:41  Probe (Chrono Boost), Gateway  
  61  6:44  Shield Battery  
  61  6:46  Pylon  
  63  6:47  Probe (Chrono Boost)  
  63  6:50  Stalker  
  64  6:58  Probe (Chrono Boost)  
  64  7:00  Probe (Chrono Boost)  
  66  7:05  Probe (Chrono Boost)  
  66  7:06  Gateway  
  67  7:09  Gateway  
  67  7:11  Probe x2 (Chrono Boost)  
  67  7:12  Observer, Gateway  
  67  7:13  Gateway  
  71  7:16  Probe (Chrono Boost), Stalker  
  71  7:17  Probe (Chrono Boost)  
  71  7:18  Probe (Chrono Boost)  
  75  7:25  Probe  
  75  7:26  Probe  
  75  7:28  Probe, Pylon  
  78  7:31  Stalker x2  
  78  7:36  Observer (Chrono Boost)  
  83  7:37  Probe  
  83  7:39  Pylon  
  83  7:40  Pylon  
  84  7:46  Zealot x3  
  84  7:47  Zealot  
  92  7:56  Pylon  
  92  7:57  Zealot  
  92  7:58  Zealot, Pylon  
  92  8:05  Stalker x2  
  86  8:10  Zealot x3  
  91  8:16  Zealot x3  
  87  8:25  Zealot x2  
  72  8:27  Probe  
Tags
 
Add a new tag
Caveats
  • Supply blocks, unpowered buildings, or Contaminate may cause inaccurate times.
  • Supply counts are checked every 10 seconds.